 Dungeon Crawl Stone Soup version 0.26-a0-1060-g086102a3f0 (webtiles) character file.

Game seed: 6203951039530615294

20388 wythoutpain the Covert (level 12, -1/56 HPs)
             Began as a Spriggan Enchanter on Dec 12, 2020.
             Was a Priest of Dithmenos.
             Slain by an orc warrior (26 damage)
             ... on level 1 of the Orcish Mines on Dec 14, 2020.
             The game lasted 05:02:10 (22301 turns).

wythoutpain the Covert (Spriggan Enchanter)        Turns: 22301, Time: 05:02:11

Health: -1/56      AC:  7    Str:  7    XL:     12   Next: 44%
Magic:  36/37      EV: 34    Int: 23    God:    Dithmenos [***...]
Gold:   1175       SH:  0    Dex: 26    Spells: 21/34 levels left

rFire    . . .     SeeInvis +   Z - +2 dagger of Dismay {flame, rC+ MP+9 Int+3}
rCold    + . .     Faith    .   (shield restricted)
rNeg     + . .     Spirit   .   f - +4 robe "Vutso" {rN+ Will- Int+2 Dex+3}
rPois    .         Reflect  .   (helmet restricted)
rElec    .         Harm     .   O - +0 cloak
rCorr    .         Rampage  .   (gloves unavailable)
Will     +....                  (boots unavailable)
Stlth    +++++++++.             (no amulet)
HPRegen  0.18/turn              s - +4 ring of evasion
MPRegen  0.25/turn              F - +6 ring of dexterity

@: wreathed by umbra, very quick
A: very small, unfitting armour, see invisible, speed 3
a: Shadow Step, Renounce Religion


You were on level 1 of the Orcish Mines.
You worshipped Dithmenos.
Dithmenos was most pleased with you.
You visited 3 branches of the dungeon, and saw 13 of its levels.
You also visited: Gauntlet.

You collected 1875 gold pieces.
You spent 700 gold pieces at shops.

Inventory:

Hand Weapons
 b - a +1 dagger of draining
 C - a +2 short sword of holy wrath
 K - the +1 trident of Valour {flame, *Rage Str+3 Int+5 Stlth+}
   (You found it on level 6 of the Dungeon)

   It has been specially enchanted to burn those struck by it, causing extra
   injury to most foes and up to half again as much damage against particularly
   susceptible opponents.
   It affects your strength (+3).
   It affects your intelligence (+5).
   It may make you go berserk in combat.
   It makes you more stealthy.
 M - a +2 dagger of venom
 V - a +1 shortbow of freezing
 X - a +2 dagger of speed
 Z - the +2 dagger of Dismay (weapon) {flame, rC+ MP+9 Int+3}
   (You bought it in a shop on level 2 of the Orcish Mines)

   It has been specially enchanted to burn those struck by it, causing extra
   injury to most foes and up to half again as much damage against particularly
   susceptible opponents.
   It affects your intelligence (+3).
   It protects you from cold.
   It affects your magic capacity (+9).
Missiles
 j - 304 stones
 u - 46 sling bullets
 J - 26 poisoned darts
 L - 30 boomerangs
 W - 64 arrows
Armour
 f - the +4 robe "Vutso" (worn) {rN+ Will- Int+2 Dex+3}
   (You bought it in a shop on level 2 of the Orcish Mines)

   It affects your intelligence (+2).
   It affects your dexterity (+3).
   It protects you from negative energy.
   It affects your willpower, your defense against some magical effects.
 O - a +0 cloak (worn)
 Y - a +2 robe of fire resistance
Magical Staves
 w - an uncursed staff of cold
 Q - an uncursed staff of conjuration
Jewellery
 p - an uncursed ring of resist corrosion
 r - an uncursed ring of ice
 s - a +4 ring of evasion (left hand)
 y - a +6 ring of strength
 B - an uncursed ring of resist corrosion
 F - a +6 ring of dexterity (right hand)
 S - an uncursed ring of protection from fire
Wands
 l - a wand of paralysis (8)
 R - a wand of digging (6)
 T - a wand of random effects (18)
Scrolls
 c - a scroll of identify
 e - 6 scrolls of remove curse
 g - 8 scrolls of teleportation
 h - 3 scrolls of magic mapping
 k - a scroll of noise {unknown}
 n - a scroll of blinking
 E - 2 scrolls of fog
 I - 3 scrolls of immolation
 U - a scroll of torment {unknown}
Potions
 a - a potion of resistance {unknown}
 d - 4 potions of invisibility
 i - 8 potions of brilliance
 m - 12 potions of curing
 o - 3 potions of flight
 q - 4 potions of cancellation
 t - a potion of might {unknown}
 v - a potion of ambrosia
 x - a potion of magic {unknown}
 z - 3 potions of attraction
 A - a potion of degeneration {unknown}
 D - 2 potions of heal wounds
 G - 2 potions of haste
 H - 2 potions of mutation
Miscellaneous
 P - a phial of floods


   Skills:
 + Level 3.5 Fighting
 + Level 8.0 Short Blades
 + Level 0.4 Polearms
 + Level 2.5 Bows
 + Level 3.7 Throwing
 + Level 10.4 Dodging
 + Level 13.3 Stealth
 + Level 11.5 Spellcasting
 + Level 1.4 Conjurations
 + Level 11.0 Hexes
 + Level 3.2 Ice Magic
 + Level 5.1 Invocations
 + Level 2.5 Evocations


You had 21 spell levels left.
You knew the following spells:

 Your Spells              Type           Power        Failure   Level
a - Corona                Hex            ######.      1%          1
b - Ensorcelled Hibernat  Hex/Ice        #####.       1%          2
c - Tukima's Dance        Hex            ######..     1%          3
d - Dazzling Flash        Conj/Hex       #####.       1%          3
e - Freeze                Ice            ####         1%          1
f - Frozen Ramparts       Ice            ####..       3%          3

Your spell library contained the following spells:

 Spells                   Type           Power        Failure   Level
 Confusing Touch          Hex            ######..     1%          3
 Ozocubu's Armour         Ice            ####....     3%          3
 Animate Skeleton         Necr           ##....       4%          1
 Apportation              Tloc           ##....       4%          1
 Beastly Appendage        Tmut           ##....       4%          1
 Summon Small Mammal      Summ           ##..         4%          1
 Wereblood                Tmut           ##......     8%          2
 Spider Form              Tmut/Pois      ##........   14%         3
 Hailstorm                Conj/Ice       ###.....     19%         4
 Ice Form                 Ice/Tmut       ###.....     26%         4
 Summon Ice Beast         Ice/Summ       ###.....     26%         4
 Blade Hands              Tmut           ##........   80%         5


Dungeon Overview and Level Annotations

Branches:
Dungeon (10/15)            Temple (1/1) D:7            Lair (0/6) D:10
    Orc (2/2) D:10            Elf (0/3) Orc:2       Gauntlet (visited)

Altars:
Ashenzari
Cheibriados
Dithmenos
Elyvilon
Fedhas
Gozag
Hepliaklqana
Kikubaaqudgha
Makhleb
Nemelex Xobeh
Okawaru
Qazlal
Ru
Sif Muna
Trog
Uskayaw
Vehumet
Wu Jian
Xom
Yredelemnul
Zin
The Shining One
Beogh

Shops:
D:6 =   D:7 ?   Orc:2 [:(*

Annotations:
D:8 Pikel
Orc:2 Blork the orc


Innate Abilities, Weirdness & Mutations

You are very small and have problems with some larger weapons.
You are too small for most types of armour.
You have supernaturally acute eyesight. (SInv)
You cover ground extremely quickly.


Message History

a cursed -1 ring mail; a cursed +0 plate armour; a +0 short sword
There is a stone staircase leading up, spattered with blood here.
Aiming: Tukima's Dance (safe; 1% risk of failure)
Press: ? - help, Q - select action, (/) - cycle Shift-Dir - straight line, f - gnoll sergeant, p - orc warrior
Aim: a gnoll sergeant, wielding a +0 trident, wearing a +0 chain mail and wearing a +0 kite shield (chance to affect: 84%)
Okay, then.
An orc comes into view.
The orc warrior closely misses you.
You climb upwards.
There is a stone staircase leading down, spattered with blood here.
An orc warrior is nearby!
An orc warrior is nearby!
You barely miss the orc warrior.
You hit the orc warrior but do no damage.
The orc warrior misses you.
You hit the orc warrior but do no damage.
You hit the orc warrior. You burn the orc warrior.
The orc warrior is lightly wounded.
The orc warrior hits you!!
You die...

##....##.##......(.#............#
#.#..##..........................
...................#..##.........
#.#....).........##...#..........
##....).[........###...#.#.#.....
#.................#)#.#..........
#.....)............[.......#.....
...............[)o.[.............
#.#....#........@..........#.>...
####..##.##......................
####...#......................
##..#..........#..).).......
#...##.#........#...........
##.##.......#...............
#####.#....###...........#.
#####...#...........#.. ###
###.##..............


You could see an orc warrior (strong).

Vanquished Creatures
  An orc warlord (Orc:1)
  A stone giant (Orc:2)
  A great orb of eyes (D:9)
  A boulder beetle (D:10)
  2 two-headed ogres
  An orc high priest (Orc:2)
  4 orc knights
  3 orc sorcerers
  A yaktaur (shapeshifter) (D:9)
  A freezing wraith (D:9)
  2 trolls
  A wraith (D:9)
  Sigmund (D:3)
  A centaur simulacrum (D:10)
  5 yaks (D:9)
  A wyvern (D:10)
  Eustachio (D:6)
  A shadow (D:6)
  10 wargs
  A water moccasin (D:9)
  24 orc warriors
  2 sky beasts (D:10)
  A black bear (D:6)
  2 necrophages
  2 ice beasts
  A phantom (D:5)
  6 ogres
  2 centaurs (D:10)
  2 big kobolds
  6 bullfrogs
  A wyvern skeleton (D:10)
  8 killer bees
  3 wights (D:9)
  A howler monkey (D:5)
  3 bullfrog zombies
  A centaur zombie (D:7)
  A lava snake (D:10)
  6 hounds
  Crazy Yiuf (D:3)
  2 jellies
  23 orc wizards
  2 bullfrog skeletons (D:9)
  A gnoll shaman (D:8)
  10 orc priests
  Jessica (D:3)
  2 centaur skeletons
  An iguana (D:5)
  Ijyb (D:3)
  8 worker ants
  A hound skeleton (D:6)
  6 gnolls
  7 adders
  2 shadow imps
  A white imp (D:6)
  2 oozes
  2 adder skeletons
  A worm (D:5)
  4 dart slugs
  4 leopard geckos
  55 orcs
  11 giant cockroaches
  5 goblins
  6 hobgoblins
  9 kobolds
  6 quokkas
  A ball python (D:5)
  3 bats (D:3)
  4 frilled lizards
  2 jackal zombies
  A quokka zombie (D:6)
  6 rats
303 creatures vanquished.

Vanquished Creatures (collateral kills)
  A two-headed ogre (D:10)
  An orc knight (Orc:2)
  8 orc warriors
  2 ogres
  A sky beast (D:9)
  A gnoll sergeant (D:10)
  2 wights (D:9)
  4 orc priests
  5 orc wizards
  2 gnolls (D:8)
  17 orcs
  A kobold (D:7)
45 creatures vanquished.

Vanquished Creatures (others)
  21 dancing weapons
  An orc priest (Orc:2)
  A fungus (Gauntlet)
  17 plants (D:3)
40 creatures vanquished.

Grand Total: 388 creatures vanquished

Notes
Turn   | Place    | Note
-------+----------+-------------------------------------------
     0 | D:1      | wythoutpain the Spriggan Enchanter began the quest for the
                  | Orb.
     0 | D:1      | Reached XP level 1. HP: 9/9 MP: 5/5
   306 | D:1      | Reached XP level 2. HP: 7/13 MP: 6/6
   961 | D:2      | Learned a level 2 spell: Ensorcelled Hibernation
  1591 | D:2      | Found a stormy altar of Qazlal.
  1755 | D:2      | Reached XP level 3. HP: 11/16 MP: 2/8
  1939 | D:2      | Found a snail-covered altar of Cheibriados.
  2088 | D:2      | Reached skill level 5 in Stealth
  2376 | D:3      | Noticed Sigmund
  2455 | D:3      | Noticed Ijyb
  2458 | D:3      | Found a burning altar of Makhleb.
  2458 | D:3      | Noticed a balrug
  2469 | D:3      | Killed Ijyb
  2470 | D:3      | Reached XP level 4. HP: 18/21 MP: 7/10
  2598 | D:3      | Killed Sigmund
  2599 | D:3      | Reached skill level 1 in Throwing
  2599 | D:3      | Reached skill level 6 in Stealth
  2599 | D:3      | Reached XP level 5. HP: 25/25 MP: 8/12
  2766 | D:2      | Learned a level 3 spell: Tukima's Dance
  2777 | D:2      | Reached XP level 6. HP: 24/29 MP: 10/13
  3007 | D:3      | Noticed Jessica
  3011 | D:3      | Reached skill level 5 in Hexes
  3030 | D:3      | Killed Jessica
  3112 | D:3      | Found a runed translucent door.
  3113 | D:3      | Noticed Crazy Yiuf
  3120 | D:3      | Killed Crazy Yiuf
  3576 | D:4      | Learned a level 3 spell: Dazzling Flash
  4017 | D:3      | Reached XP level 7. HP: 22/32 MP: 15/15
  4223 | D:4      | Reached skill level 5 in Spellcasting
  4252 | D:4      | Reached skill level 1 in Ice Magic
  4378 | D:4      | Found a glowing golden altar of the Shining One.
  4816 | D:4      | Reached skill level 7 in Stealth
  4945 | D:5      | Entered Level 5 of the Dungeon
  5618 | D:5      | Reached skill level 1 in Fighting
  6002 | D:5      | Reached skill level 5 in Dodging
  6215 | D:5      | Reached XP level 8. HP: 39/39 MP: 17/17
  6510 | D:5      | Reached skill level 8 in Stealth
  6760 | D:6      | Noticed Eustachio
  7846 | D:6      | Killed Eustachio
  7974 | D:6      | Got a slimy trident
  7975 | D:6      | Identified the cursed +1 trident of Valour {flame, *Rage
                  | Str+3 Int+5 Stlth+} (You found it on level 6 of the
                  | Dungeon)
  8586 | D:6      | Reached XP level 9. HP: 23/43 MP: 12/20
  9031 | D:6      | Found Aghah's Jewellery Emporium.
 10156 | D:7      | Found a sacrificial altar of Ru.
 10191 | D:7      | Reached skill level 5 in Short Blades
 10191 | D:7      | Reached skill level 1 in Evocations
 10293 | D:7      | Found Sitaasos's Magic Scroll Shop.
 10304 | D:7      | Bought a scroll of enchant weapon for 75 gold pieces
 10304 | D:7      | Bought a scroll of identify for 20 gold pieces
 10304 | D:7      | Bought a scroll of identify for 20 gold pieces
 10304 | D:7      | Bought a scroll of identify for 20 gold pieces
 10304 | D:7      | Bought a scroll of enchant weapon for 75 gold pieces
 10304 | D:7      | Bought a scroll of identify for 20 gold pieces
 10353 | D:7      | Found a staircase to the Ecumenical Temple.
 10515 | Temple   | Entered the Ecumenical Temple
 10663 | Temple   | Became a worshipper of Dithmenos the Shadowed
 10801 | D:7      | Found an ancient bone altar of Kikubaaqudgha.
 11081 | D:8      | Noticed a two-headed ogre
 11102 | D:8      | Killed a two-headed ogre
 11392 | D:8      | Found a white marble altar of Elyvilon.
 11392 | D:8      | Noticed Pikel
 11732 | D:9      | Reached skill level 1 in Invocations
 11754 | D:9      | Reached skill level 9 in Stealth
 12152 | D:9      | Reached * piety under Dithmenos
 12213 | D:9      | Reached XP level 10. HP: 32/47 MP: 17/23
 12380 | D:9      | Noticed a two-headed ogre
 12395 | D:9      | Killed a two-headed ogre
 12396 | D:9      | Reached skill level 10 in Stealth
 12497 | D:9      | Found a hide-covered altar of Uskayaw.
 12585 | D:9      | Found a glowing silver altar of Zin.
 12697 | D:9      | Found a large runed translucent door.
 12744 | D:9      | Reached skill level 1 in Conjurations
 12752 | D:9      | Found a large runed translucent door.
 12795 | D:9      | Found a blossoming altar of Fedhas.
 12795 | D:9      | Noticed a great orb of eyes
 12799 | D:9      | Killed a great orb of eyes
 12805 | D:9      | Found a bloodstained altar of Trog.
 12810 | D:9      | Reached skill level 11 in Stealth
 13078 | D:10     | Entered Level 10 of the Dungeon
 13142 | D:10     | Noticed a boulder beetle
 13143 | D:10     | Noticed a two-headed ogre
 13159 | D:10     | Reached ** piety under Dithmenos
 13171 | D:10     | Killed a two-headed ogre
 13172 | D:10     | Reached XP level 11. HP: 32/52 MP: 17/25
 13187 | D:10     | Killed a boulder beetle
 13667 | D:10     | Reached skill level 5 in Invocations
 13808 | D:10     | Learned a level 1 spell: Freeze
 13812 | D:10     | Learned a level 3 spell: Frozen Ramparts
 13888 | D:10     | Found a staircase to the Orcish Mines.
 14284 | D:10     | Found a staircase to the Lair.
 14470 | D:10     | Reached skill level 12 in Stealth
 14848 | D:10     | Upgraded the game from 0.26-a0-1053-gaff5f71418 to
                  | 0.26-a0-1060-g086102a3f0
 14875 | Orc:1    | Entered Level 1 of the Orcish Mines
 14875 | Orc:1    | Noticed an orc knight
 14876 | Orc:1    | Killed an orc knight
 15887 | D:10     | Reached skill level 1 in Bows
 17052 | Orc:1    | Noticed an orc sorcerer
 17056 | Orc:1    | Reached skill level 10 in Spellcasting
 17409 | Orc:1    | Reached *** piety under Dithmenos
 17618 | Orc:1    | Paralysed by an orc sorcerer for 5 turns
 17621 | Orc:1    | Killed an orc sorcerer
 18324 | Orc:2    | Entered Level 2 of the Orcish Mines
 18324 | Orc:2    | Found a gate leading to a gauntlet.
 18551 | Orc:2    | Reached skill level 10 in Dodging
 18659 | Gauntlet | Entered a Gauntlet
 18659 | Gauntlet | Found a transporter.
 18735 | Gauntlet | Found a transporter.
 18735 | Gauntlet | Noticed an oklob plant
 18738 | Gauntlet | Found a transporter.
 18758 | Gauntlet | Found a transporter.
 18769 | Gauntlet | Noticed a large abomination
 18773 | Gauntlet | Found a transporter.
 18774 | Gauntlet | Found a transporter.
 18781 | Gauntlet | Noticed a cacodemon
 18783 | Gauntlet | Found a transporter.
 18796 | Gauntlet | Noticed a reaper
 18799 | Gauntlet | Found a transporter.
 18803 | Gauntlet | Found a transporter.
 18820 | Gauntlet | Noticed a green death
 18823 | Gauntlet | Found a transporter.
 18837 | Gauntlet | Found a transporter.
 18858 | Gauntlet | Found a transporter.
 18886 | Gauntlet | Found a transporter.
 18888 | Gauntlet | Noticed a fire crab
 18890 | Gauntlet | Found a transporter.
 18954 | Orc:2    | Noticed an orc knight
 19020 | Orc:2    | Noticed an orc high priest
 19023 | Orc:2    | Noticed an orc knight
 19025 | Orc:2    | Found a roughly hewn altar of Beogh.
 19025 | Orc:2    | Noticed an orc knight
 19177 | Orc:1    | Killed an orc knight
 19318 | Orc:2    | Killed an orc knight
 19319 | Orc:2    | Reached skill level 10 in Hexes
 19662 | Orc:2    | Noticed a stone giant
 19670 | Orc:2    | Killed a stone giant
 19685 | Orc:2    | Reached XP level 12. HP: 54/56 MP: 16/27
 20203 | Orc:2    | Noticed an orc warlord
 20258 | Orc:2    | Found a staircase to the Elven Halls.
 21059 | Orc:1    | Killed an orc warlord
 21060 | Orc:1    | Reached skill level 13 in Stealth
 21201 | Orc:2    | Killed an orc high priest
 21557 | Orc:2    | Found Xaorhiwu's General Store.
 21709 | Orc:2    | Found Dagih's Antique Weapon Boutique.
 21717 | Orc:2    | Found Cosakh's Antique Armour Boutique.
 21725 | Orc:2    | Found Zaemubypn's Book Boutique.
 21787 | Orc:2    | Bought a crude dagger for 294 gold pieces
 21819 | Orc:2    | Bought a tattered robe for 176 gold pieces
 21823 | Orc:2    | Identified the cursed +2 dagger of Dismay {flame, rC+ MP+9
                  | Int+3} (You bought it in a shop on level 2 of the Orcish
                  | Mines)
 21834 | Orc:2    | Identified the +4 robe "Vutso" {rN+ Will- Int+2 Dex+3} (You
                  | bought it in a shop on level 2 of the Orcish Mines)
 21870 | Orc:2    | Noticed Blork the orc
 22301 | Orc:1    | Slain by an orc warrior

Illustrated notes

Levels and vault maps discovered:
D:1:      dpeg_arrival_simpleton_c, layout_basic, minmay_tetromino_o2
D:2:      layout_rooms, overflow_temple_1_default, kennysheep_slug_shrine,
          minmay_stone_trees_small, grunt_ministairs_8
D:3:      layout_rooms, serial_bayou_lagoon_a, makhleb_altar_promises_db,
          uniq_jessica, uniq_crazy_yiuf_cottage, uniq_ijyb, uniq_sigmund
D:4:      layout_gridville, marbit_many_paths, kennysheep_generic_room_8
D:5:      layout_cave_pods, serial_glass, glass_columns_a, glass_columns_b,
          glass_columns_b, glass_columns_a, feat_on_display,
          due_unseen_surprise, feat_on_display, kennysheep_generic_room_3
D:6:      layout_layer_cave, serial_shops, shop, uniq_eustachio
D:7:      layout_basic, kennysheep_mini_moat, nicolae_ru_sacrificial_ziggurat,
          minmay_temple_entry_statues_fountains, serial_shops, shop_scrolls
D:8:      layout_rooms, lemuel_statue_altar, uniq_pikel
D:9:      layout_loops_ring, overflow_temple_1_default, basic_altar,
          jmf_multi_god_temple2
D:10:     layout_big_octagon, erik_lair_orcish_takeover, orc_david_3,
          minmay_fractal_squares_gapless_7
Temple:   regret_index_temple_sphere_string
Orc:1:    layout_caves
Orc:2:    grunt_orc_cross, layout_caves, gauntlet_entry_generic, sword_in_stone

Skill      XL: |  1  2  3  4  5  6  7  8  9 10 11 12 |
---------------+-------------------------------------+-----
Hexes          | 4 5 6 8 10 11 | 11.0
Spellcasting   | 3 4 5 6 8 9 10 11 | 11.5
Stealth        | 5 6 7 8 9 11 12 13 | 13.3
Short Blades   | 2 3 4 5 6 7 8 |  8.0
Throwing       | 1 2 3 |  3.7
Dodging        | 4 5 8 9 10 | 10.4
Ice Magic      | 1 2 3 |  3.2
Fighting       | 1 2 3 |  3.5
Evocations     | 2 |  2.5
Invocations    | 2 4 5 |  5.1
Conjurations   | 1 |  1.4
Bows           | 2 |  2.5
Polearms       | |  0.4

Action                   |  1- 3 |  4- 6 |  7- 9 | 10-12 || total
-------------------------+-------+-------+-------+-------++-------
Melee: Dagger            |    85 |   116 |   199 |   665 ||  1065
       Rapier            |       |       |   171 |       ||   171
       Short sword       |       |       |   128 |    76 ||   204
       Trident           |       |       |     9 |       ||     9
 Fire: Shortbow          |       |       |       |    18 ||    18
Throw: Dart              |    11 |    14 |    24 |       ||    49
       Boomerang         |    11 |    18 |     4 |     5 ||    38
       Stone             |       |    18 |    33 |       ||    51
 Cast: Corona            |    15 |    21 |    50 |     2 ||    88
       Ensorcelled Hiber |     9 |     9 |    19 |    41 ||    78
       Tukima's Dance    |       |       |    27 |   116 ||   143
       Dazzling Flash    |       |       |     5 |     7 ||    12
       Freeze            |       |       |       |     8 ||     8
       Frozen Ramparts   |       |       |       |    12 ||    12
Invok: Shadow Step       |       |       |       |     1 ||     1
Evoke: Wand              |       |       |    21 |    14 ||    35
  Use: Scroll            |     1 |     8 |    15 |     3 ||    27
 Stab: Sleeping          |    14 |     9 |    32 |    43 ||    98
       Invisible         |       |       |     1 |     7 ||     8
       Distracted        |       |       |       |     8 ||     8
Armor: Robe              |     1 |     7 |    13 |    14 ||    35
Dodge: Dodged            |    64 |    86 |   453 |   585 ||  1188

Table legend: (Time is in decaauts)
 A = Elapsed time spent in this place.
 B = Non-inter-level travel time spent in this place.
 C = Inter-level travel time spent in this place.
 D = Time resting spent in this place.
 E = Time spent auto-exploring this place.
 F = Levels seen in this place.
 G = Mean time per level.
                   A        B        C        D        E       F      G
               +--------+--------+--------+--------+--------+-----+--------+
         Total |  17961 |  17590 |    371 |   9044 |   3192 |  14 | 1282.9 |
       Dungeon |  13486 |  13134 |    352 |   6318 |   2931 |  10 | 1348.6 |
        Temple |    100 |     86 |     14 |      0 |     83 |   1 |  100.0 |
  Orcish Mines |   4178 |   4174 |      4 |   2657 |    177 |   2 | 2089.0 |
      Gauntlet |    195 |    195 |      0 |     69 |      0 |   1 |  195.0 |
               +--------+--------+--------+--------+--------+-----+--------+

Top non-repeatable levels by time:
   Orc:1: 3138 daAuts
    D:10: 2763 daAuts
     D:6: 1927 daAuts
     D:9: 1718 daAuts
     D:5: 1355 daAuts
     D:2: 1168 daAuts
     D:4: 1048 daAuts
   Orc:2: 1040 daAuts
     D:7: 1030 daAuts
     D:3: 1027 daAuts
     D:1: 890 daAuts
     D:8: 556 daAuts
Gauntlet: 195 daAuts
  Temple: 100 daAuts
